 Dungeon Crawl Stone Soup version 0.19-a0-1223-gf83d13a (webtiles) character file.

172 4thArraOfDagon the Covered (level 5, 0/41 HPs)
             Began as a Human Fighter on Aug 24, 2016.
             Slain by an orc
             ... wielding a +0 hand axe
              (3 damage)
             ... on level 4 of the Dungeon.
             The game lasted 00:02:43 (570 turns).

4thArraOfDagon the Covered (Human Fighter)           Turns: 570, Time: 00:02:43

Health: 0/41       AC:  9    Str: 19    XL:     5   Next: 83%
Magic:  5/5        EV:  7    Int: 15    God:
Gold:   60         SH:  9    Dex: 12    Spells: 1 memorised, 2 levels left

rFire  . . .     SeeInvis .     o - +2 dagger (freeze)
rCold  . . .     Gourm    .     b - +0 scale mail
rNeg   . . .     Faith    .     c - +0 shield
rPois  .         Spirit   .     (no helmet)
rElec  .         Dismiss  .     (no cloak)
rCorr  .         Reflect  .     d - +0 pair of gloves {Str+3}
MR     .....     Harm     .     i - +0 pair of boots
Stlth  ..........               (no amulet)
                                (no ring)
                                m - ring of flight

@: brilliant
A: no striking features
a: Evoke Flight


You were on level 4 of the Dungeon.
You were not hungry.

You visited 1 branch of the dungeon, and saw 4 of its levels.

You collected 60 gold pieces.

Inventory:

Hand Weapons
 a - a +0 rapier
 l - a +0 long sword
 o - a +2 dagger of freezing (weapon)
Armour
 b - a +0 scale mail (worn)
 c - a +0 shield (worn)
 d - a +0 pair of gloves of strength (worn)
 i - a +0 pair of boots (worn)
Jewellery
 m - a ring of flight (left hand)
Scrolls
 h - a scroll of remove curse {unknown}
 j - 3 scrolls of recharging {unknown}
 n - a scroll of teleportation {unknown}
Potions
 g - a potion of brilliance
 p - a potion of resistance {unknown}
Comestibles
 f - 3 bread rations
 k - a meat ration


   Skills:
 - Level 3.0 Fighting
 - Level 3.6(4.1) Short Blades
 * Level 2.9(3.7) Long Blades
 + Level 4.0 Armour
 - Level 3.0 Shields


You had 2 spell levels left.
You knew the following spells:

 Your Spells              Type           Power        Failure   Level  Hunger
a - Repel Missiles        Chrm/Air       #.....       71%         2    ###....


Dungeon Overview and Level Annotations

Branches:
Dungeon (4/15)
 Temple: D:4-7

Altars:
Makhleb
Zin


Message History

* * * LOW HITPOINT WARNING * * *
You block the orc's attack.
Unknown command.
You feel better. The orc hits you but does no damage.
The orc closely misses you.
The orc priest casts a cantrip, but nothing happens.
The orc hits you but does no damage. The orc barely misses you.
Unknown command.
Press: ? - help, v - describe, . - travel
Here: an orc, wielding a short sword of venom The floor.
Unknown command.
You hit the orc. You freeze the orc.
You kill the orc!
The orc hits you but does no damage.
The orc priest mumbles some strange prayers to Beogh against you.
Beogh smites you!
* * * LOW HITPOINT WARNING * * *
The orc hits you with a hand axe.
You die...

# 2# ##### ####._..##
##.........
##)oo'...'..
#.o@o#...#..
#####.#### _.#
#.....# ## #.#####
##♣.♣#♣##
#.......###########.#
#.♣.♣#♣.##.........♣
#...............#
##########.####.###


You could see a blizzard demon, an orc priest and 3 orcs.

Vanquished Creatures
  A hound (D:4)
  2 orc wizards (D:4)
  A worker ant (D:3)
  A hound skeleton (D:3)
  3 adders
  3 orcs (D:4)
  5 bats
  4 goblins
  2 jackals (D:3)
  A ball python (D:3)
  2 giant newts (D:3)
  2 kobolds (D:3)
  2 rats (D:3)
29 creatures vanquished.

Notes
Turn   | Place    | Note
-------+----------+-------------------------------------------
     0 | D:1      | 4thArraOfDagon the Human Fighter began the quest for the Orb.
     0 | D:1      | Reached XP level 1. HP: 18/18 MP: 1/1
    55 | D:2      | Reached XP level 2. HP: 24/24 MP: 2/2
   203 | D:3      | Reached XP level 3. HP: 25/29 MP: 3/3
   221 | D:3      | Reached XP level 4. HP: 20/35 MP: 4/4
   390 | D:3      | Reached skill level 1 in Long Blades
   395 | D:3      | Learned a level 2 spell: Repel Missiles
   498 | D:4      | Reached XP level 5. HP: 32/41 MP: 5/5
   543 | D:4      | Found a burning altar of Makhleb.
   547 | D:4      | Found a glowing silver altar of Zin.
   548 | D:4      | Noticed a blizzard demon
   560 | D:4      | Reached skill level 4 in Armour
   570 | D:4      | Slain by an orc

Vault maps used:
D:1:      evilmike_arrival_plus
D:2:      minmay_misc_feat_nine_boxes
D:3:      hangedman_decor_diamond_cutter, uniq_grinder
D:4:      grunt_temple_overflow_order_and_chaos_2, nicolae_gozag_seed_capital,
          eat_drink_and_be_merry_uskayaw, nicolae_tso_besieged_by_evil,
          serial_forest, infiniplex_forest_end_2, infiniplex_forest_straight_4,
          infiniplex_forest_clump_diagonal, infiniplex_forest_straight_2,
          infiniplex_forest_lined_room_2, infiniplex_forest_lined_corner,
          infiniplex_forest_lined_1, lemuel_statue_altar

Skill      XL: |  1  2  3  4  5 |
---------------+----------------+-----
Short Blades   | 3 |  3.6
Long Blades    | 2 |  2.9
Armour         | 4 |  4.0
Fighting       | |  3.0
Shields        | |  3.0

Action                   |  1- 3 |  4- 6 || total
-------------------------+-------+-------++-------
Melee: Rapier            |    25 |    79 ||   104
       Long sword        |       |    17 ||    17
       Dagger            |       |    15 ||    15
  Use: Potion            |     1 |     4 ||     5
Armor: Scale mail        |    25 |    40 ||    65
Dodge: Dodged            |     6 |    40 ||    46
Block: Shield            |    17 |    69 ||    86
